 Dungeon Crawl Stone Soup version 0.28-a0-465-ge2dae52223 (webtiles) character file.

Game seed: 18378854200460341425

2551 McSplat the Basher (level 9, -2/123 HPs)
             Began as a Minotaur Gladiator on Aug 27, 2021.
             Was a Follower of Trog.
             Slain by a skeletal warrior (13 damage)
             ... led by a skeletal warrior
             ... on level 7 of the Dungeon on Sept 15, 2021.
             The game lasted 00:17:05 (7367 turns).

McSplat the Basher (Minotaur Gladiator)             Turns: 7367, Time: 00:17:06

Health: -2/123     AC:  9    Str: 23    XL:     9   Next: 31%
Magic:  8/8        EV:  8    Int:  5    God:    Trog [*.....]
Gold:   227        SH:  0    Dex: 11    Spells: 8/8 levels left

rFire   . . .      SeeInvis .   a - +0 flail
rCold   . . .      Faith    .   (no shield)
rNeg    + . .      Spirit   .   f - +0 chain mail
rPois   .          Reflect  .   c - +0 hat
rElec   .          Harm     .   w - +0 cloak
rCorr   .          Rampage  .   (no gloves)
Will    .....                   (no boots)
Stlth   ..........              u - amulet of regeneration
HPRegen 1.30/turn               r - ring of positive energy
MPRegen 0.11/turn               (no ring)

@: berserking (expiring), very quick
A: horns 2, retaliatory headbutt
a: Renounce Religion, Berserk


You were on level 7 of the Dungeon.
You worshipped Trog.
Trog was aware of your devotion.
You visited 2 branches of the dungeon, and saw 8 of its levels.

You collected 386 gold pieces.
You spent 159 gold pieces at shops.

Inventory:

Hand Weapons
 a - a +0 flail (weapon)
 b - a +0 vorpal longbow
Missiles
 d - 98 arrows
 g - 69 poisoned darts (quivered)
 o - 2 boomerangs
 s - 2 throwing nets
Armour
 c - a +0 hat (worn)
 f - a +0 chain mail (worn)
 l - a +0 cloak
 n - a +0 leather armour
 w - a +0 cloak (worn)
Jewellery
 r - a ring of positive energy (left hand)
 u - an amulet of regeneration (around neck)
Wands
 t - a wand of mindburst (12)
Scrolls
 v - a scroll of teleportation {unknown}
 x - a scroll of enchant armour {unknown}
Potions
 e - a potion of might {unknown}
 h - 4 potions of heal wounds
 i - a potion of mutation {unknown}
 j - a potion of degeneration {unknown}
 k - 2 potions of flight {unknown}
 m - 2 potions of attraction {unknown}
 p - a potion of brilliance {unknown}
 q - 2 potions of lignification {unknown}


   Skills:
 + Level 8.9 Fighting
 + Level 10.9 Maces & Flails
 + Level 6.2 Bows
 - Level 2.0 Throwing
 - Level 3.2 Dodging


You had 8 spell levels left.
You didn't know any spells.
Your spell library contained the following spells:

 Spells                   Type           Power      Damage    Failure   Level
 Animate Skeleton         Necr           0%         N/A       99%         1
 Apportation              Tloc           0%         N/A       99%         1
 Corona                   Hex            0%         N/A       99%         1
 Foxfire                  Conj/Fire      0%         2x1d4     99%         1
 Summon Small Mammal      Summ           0%         N/A       99%         1
 Call Canine Familiar     Summ           0%         N/A       100%        3
 Conjure Flame            Conj/Fire      0%         6-21      100%        3
 Inner Flame              Hex/Fire       0%         N/A       100%        3
 Summon Guardian Golem    Hex/Summ       0%         N/A       100%        3


Dungeon Overview and Level Annotations

Branches:
Dungeon (7/15)             Temple (1/1) D:5

Altars:
Ashenzari
Cheibriados
Dithmenos
Elyvilon
Fedhas
Gozag
Hepliaklqana
Makhleb
Okawaru
Qazlal
Ru
Sif Muna
Trog
Uskayaw
Vehumet
Wu Jian
Xom
Yredelemnul
Zin
The Shining One

Shops:
D:4 *

Annotations:
D:3 1 runed translucent door, exclusion: oklob plant, Dyvine's ghost, amateur TeSu
D:4 3 runed translucent doors, ew1980's ghost, amateur OgHu
D:5 Eustachio


Innate Abilities, Weirdness & Mutations

You have a pair of horns on your head.
You reflexively headbutt those who attack you in melee.


Message History

The skeletal warrior hits you from afar with a +0 halberd of protection!
You see here a +0 dagger.
You hit the skeletal warrior.
You headbutt the skeletal warrior, but do no damage.
The skeletal warrior is lightly damaged.
The skeletal warrior hits you with a +0 halberd of protection!!
* * * LOW HITPOINT WARNING * * *
You completely miss the skeletal warrior.
The skeletal warrior is lightly damaged.
You sock the skeletal warrior!
You headbutt the skeletal warrior, but do no damage.
The skeletal warrior is lightly damaged.
The skeletal warrior hits you with a +0 halberd of protection!
* * * LOW HITPOINT WARNING * * *
You barely miss the skeletal warrior.
The skeletal warrior is lightly damaged.
The skeletal warrior hits you with a +0 halberd of protection!
* * * LOW HITPOINT WARNING * * *
You hit the skeletal warrior.
Your headbutt misses the skeletal warrior.
The skeletal warrior is moderately damaged.
You closely miss the skeletal warrior.
The skeletal warrior is moderately damaged.
The skeletal warrior closely misses you.
You hit the skeletal warrior.
The skeletal warrior is moderately damaged.
The skeletal warrior barely misses you.
You sock the skeletal warrior!
The skeletal warrior is heavily damaged.
You thump the skeletal warrior!
Your headbutt misses the skeletal warrior.
The skeletal warrior is severely damaged.
The skeletal warrior hits you with a +0 halberd of protection!
* * * LOW HITPOINT WARNING * * *
You closely miss the skeletal warrior.
The skeletal warrior is severely damaged.
You hit the skeletal warrior but do no damage.
The skeletal warrior is severely damaged.
The skeletal warrior hits you with a +0 halberd of protection!
You die...

#....### #####..z...####
#### ##.((.(...#.>..# #...
##..####...####.## #...
#..## ########..###... #..#
#.........#... #...#####
#.............
...#.##..###......>..#...
.......###@..#...z.........
####..###
#z..###.####..#... #.z
##..# #.# #.##... #.. #..#
#.# #..####. #..
#..###.##..## #.
#..<##>..(# ## #.#.....###
#. ######.......# #.
...........### #.


You could see a skeletal warrior.

Vanquished Creatures
  A skeletal warrior (D:1)
  Grinder (D:4)
  A hornet (D:7)
  3 water moccasins
  An ice beast (D:6)
  2 necrophages
  A sky beast (D:6)
  A kobold brigand (D:7)
  A bullfrog (D:6)
  A gnoll sergeant (D:6)
  A scorpion (D:7)
  A gnoll shaman (D:7)
  2 jellies
  A centaur skeleton (D:6)
  7 iguanas
  An orc wizard (D:4)
  2 hound skeletons (D:4)
  22 gnolls
  3 adders
  A white imp (D:6)
  2 ufetubi
  A worm (D:2)
  2 dart slugs (D:2)
  7 orcs
  8 bats
  6 endoplasms
  2 giant cockroaches
  14 goblins
  4 hobgoblins
  4 jackals (D:1)
  10 kobolds
  3 quokkas
  4 ball pythons
  2 rats
123 creatures vanquished.

Vanquished Creatures (others)
  3 toadstools (D:1)
  2 withered plants (D:3)
5 creatures vanquished.

Grand Total: 128 creatures vanquished

Notes
Turn   | Place    | Note
-------+----------+-------------------------------------------
     0 | D:1      | McSplat the Minotaur Gladiator began the quest for the Orb.
     0 | D:1      | Reached XP level 1. HP: 18/18 MP: 0/0
    48 | D:1      | Reached skill level 4 in Maces & Flails
   126 | D:1      | Reached XP level 2. HP: 25/25 MP: 1/1
   960 | D:2      | Found a faded altar of an unknown god.
   971 | D:2      | Became a worshipper of Vehumet
   971 | D:2      | Reached * piety under Vehumet
   971 | D:2      | Offered knowledge of Sandblast by Vehumet.
  1006 | D:2      | Reached XP level 3. HP: 31/31 MP: 2/2
  1570 | D:3      | Reached skill level 5 in Maces & Flails
  1641 | D:3      | Reached ** piety under Vehumet
  1643 | D:3      | Offered knowledge of Shock by Vehumet.
  1769 | D:3      | Reached XP level 4. HP: 39/39 MP: 3/3
  1945 | D:3      | Found a blossoming altar of Fedhas.
  1957 | D:3      | Noticed an oklob plant
  2048 | D:3      | Found a runed translucent door.
  2049 | D:3      | Noticed Dyvine's ghost (amateur TeSu)
  2450 | D:4      | Noticed a necrophage
  2520 | D:4      | Noticed a water moccasin
  2543 | D:4      | Killed a water moccasin
  2544 | D:4      | Reached skill level 6 in Maces & Flails
  2544 | D:4      | Reached XP level 5. HP: 27/47 MP: 4/4
  2791 | D:4      | Killed a necrophage
  2792 | D:4      | Reached skill level 5 in Fighting
  2792 | D:4      | Reached skill level 7 in Maces & Flails
  2792 | D:4      | Reached XP level 6. HP: 56/56 MP: 5/5
  2907 | D:4      | Offered knowledge of Static Discharge by Vehumet.
  3064 | D:4      | Found Hettan's General Store.
  3070 | D:4      | Bought a potion of curing for 42 gold pieces
  3322 | D:4      | Found a runed translucent gate.
  3322 | D:4      | Found a runed translucent gate.
  3341 | D:4      | Found a runed translucent gate.
  3345 | D:4      | Noticed ew1980's ghost (amateur OgHu)
  3535 | D:5      | Entered Level 5 of the Dungeon
  3576 | D:5      | Found a staircase to the Ecumenical Temple.
  3576 | D:5      | Noticed a water moccasin
  3583 | D:5      | Killed a water moccasin
  3584 | D:5      | Reached skill level 8 in Maces & Flails
  3584 | D:5      | Reached skill level 1 in Bows
  3584 | D:5      | Reached XP level 7. HP: 58/61 MP: 6/6
  3589 | Temple   | Entered the Ecumenical Temple
  3596 | Temple   | Fell from the grace of Vehumet
  3596 | Temple   | Became a worshipper of Trog the Wrathful
  3653 | D:4      | Bought 20 arrows for 56 gold pieces
  3653 | D:4      | Bought 22 arrows for 61 gold pieces
  3960 | D:5      | Noticed Grinder
  4213 | D:4      | Killed Grinder
  4427 | D:5      | Reached skill level 9 in Maces & Flails
  4955 | D:6      | Upgraded the game from 0.28-a0-265-g048bc9fd10 to
                  | 0.28-a0-465-ge2dae52223
  5146 | D:6      | Reached XP level 8. HP: 71/71 MP: 7/7
  5150 | D:6      | Noticed Eustachio
  5956 | D:6      | Found a white marble altar of Elyvilon.
  5956 | D:6      | Found a stormy altar of Qazlal.
  5956 | D:6      | Found an opulent altar of Gozag.
  5956 | D:6      | Found a snail-covered altar of Cheibriados.
  5964 | D:6      | Found a hazy altar of Hepliaklqana.
  5969 | D:6      | Found a hide-covered altar of Uskayaw.
  6035 | D:6      | Reached * piety under Trog
  6036 | D:6      | Reached skill level 10 in Maces & Flails
  6644 | D:7      | Noticed a hornet
  6652 | D:7      | Killed a hornet
  6653 | D:7      | Reached skill level 5 in Bows
  6767 | D:7      | Noticed a skeletal warrior
  6897 | D:7      | Found a radiant altar of Vehumet.
  7033 | D:7      | Reached XP level 9. HP: 80/81 MP: 8/8
  7095 | D:7      | Noticed a skeletal warrior
  7242 | D:1      | Killed a skeletal warrior
  7367 | D:7      | Slain by a skeletal warrior

Illustrated notes

Levels and vault maps discovered:
D:1:      wander_arrival_lonely_grave, layout_loops_ring,
          minmay_gold_behind_fungi
D:2:      layout_basic, ebering_ecumenical_altar_rust
D:3:      kennysheep_the_goblin_king, layout_rooms, tgw_fedhas,
          gammafunk_ghost_grave, kennysheep_minor_cross
D:4:      layout_basic, gammafunk_ghost_split, serial_shops, shop,
          kennysheep_generic_room_3
D:5:      layout_cave_pools, temple_green, uniq_grinder
D:6:      layout_loops_ring, minmay_overflow_temple_hex, uniq_eustachio
D:7:      layout_rooms, mainiacjoe_overflow_six_doors_small, skrybe_limestone_x
Temple:   nicolae_temple_no_exploring_needed

Skill      XL: |  1  2  3  4  5  6  7  8  9 |
---------------+----------------------------+-----
Maces & Flails | 4 5 6 7 8 9 10 | 10.9
Fighting       | 3 4 5 6 8 |  8.9
Bows           | 1 3 5 6 |  6.2
Throwing       | |  2.0
Dodging        | |  3.2

Action                   |  1- 3 |  4- 6 |  7- 9 || total
-------------------------+-------+-------+-------++-------
Melee: Flail             |    86 |    86 |   128 ||   300
       Headbutt          |    10 |    11 |    24 ||    45
 Fire: Longbow           |       |       |    57 ||    57
Throw: Dart              |     3 |       |     1 ||     4
       Throwing net      |       |     5 |       ||     5
Invok: Berserk           |       |       |     2 ||     2
Evoke: Wand              |       |       |     3 ||     3
  Use: Scroll            |       |     3 |     2 ||     5
       Potion            |       |     1 |     2 ||     3
 Stab: Held in net/web   |       |     2 |       ||     2
Armor: Leather armour    |     6 |       |       ||     6
       Chain mail        |    37 |    59 |    43 ||   139
Dodge: Dodged            |    52 |    34 |    61 ||   147

Table legend: (Time is in decaauts)
 A = Elapsed time spent in this place.
 B = Non-inter-level travel time spent in this place.
 C = Inter-level travel time spent in this place.
 D = Time resting spent in this place.
 E = Time spent auto-exploring this place.
 F = Levels seen in this place.
 G = Mean time per level.
                   A        B        C        D        E       F      G
               +--------+--------+--------+--------+--------+-----+--------+
         Total |   7379 |   6597 |    782 |   1311 |   3986 |   8 |  922.4 |
       Dungeon |   7364 |   6589 |    775 |   1311 |   3986 |   7 | 1052.0 |
        Temple |     14 |      7 |      7 |      0 |      0 |   1 |   14.0 |
               +--------+--------+--------+--------+--------+-----+--------+

Top non-repeatable levels by time:
     D:4: 1778 daAuts
     D:6: 1529 daAuts
     D:1: 1112 daAuts
     D:3: 1048 daAuts
     D:5: 766 daAuts
     D:2: 652 daAuts
     D:7: 475 daAuts
  Temple: 14 daAuts
